 Dungeon Crawl Stone Soup version 0.18-a0-1683-gf9322e6 (webtiles) character file.

39 inmateoo the Ruffian (level 3, 0/28 HPs)
             Began as a Draconian Arcane Marksman on Apr 3, 2016.
             Slain by an adder (2 damage)
             ... on level 2 of the Dungeon.
             The game lasted 00:01:06 (733 turns).

inmateoo the Ruffian (Draconian Arcane Marksman)     Turns: 733, Time: 00:01:07

Health: 0/28       AC:  5    Str: 14    XL:     3   Next: 26%
Magic:  4/4        EV: 12    Int: 18    God:
Gold:   18         SH:  0    Dex: 10    Spells: 1 memorised, 3 levels left

rFire  . . .     SeeInvis .     a - +0 hunting sling
rCold  . . .     Gourm    .     (armour unavailable)
rNeg   . . .     Faith    .     (no shield)
rPois  .         Spirit   .     (helmet restricted)
rElec  .         Dismiss  .     (no cloak)
rCorr  .         Reflect  .     (no gloves)
SustAt .         Harm     .     (no boots)
MR     .....                    (no amulet)
Stlth  +.........               (no ring)
                                (no ring)

@: brilliant, lethally poisoned (0 -> -6), not resistant to hostile
enchantments, very unstealthy
A: unfitting armour, cold-blooded, AC +5
a: no special abilities


You were on level 2 of the Dungeon.
You were not hungry.

You visited 1 branch of the dungeon, and saw 2 of its levels.

You collected 18 gold pieces.

Inventory:

Hand Weapons
 a - a +0 hunting sling (weapon)
Missiles
 e - 54 stones (quivered)
 i - 13 poisoned sling bullets
Scrolls
 g - 3 scrolls of identify {unknown}
 h - a scroll of enchant armour {unknown}
 k - a scroll of fear {unknown}
 l - a scroll of amnesia {unknown}
Potions
 j - a potion of brilliance
Books
 b - a book of Debilitation

   Spells                             Type                      Level
   a - Corona                         Hexes                        1
   b - Slow                           Hexes                        2
   c - Gell's Gravitas                Hexes/Translocation          3
   d - Inner Flame                    Hexes/Fire                   3
   e - Cause Fear                     Hexes                        4
   f - Leda's Liquefaction            Hexes/Earth                  4
Comestibles
 d - a bread ration


   Skills:
 - Level 1.1 Fighting
 - Level 1.7 Slings
 - Level 1.7 Dodging
 * Level 2.9 Unarmed Combat
 - Level 1.0 Spellcasting
 - Level 2.7 Hexes


You had 3 spell levels left.
You knew the following spells:

 Your Spells              Type           Power        Failure   Level  Hunger
a - Corona                Hex            ###....      1%          1    ##.....


Dungeon Overview and Level Annotations

Branches:
Dungeon (2/15)

Altars:
Makhleb


Innate Abilities, Weirdness & Mutations

Your plain brown scales are hard (AC +5).
Your body does not fit into most forms of armour.
You are cold-blooded and may be slowed by cold attacks.


Message History

Aim: an adder (severely wounded)
You shoot a stone. The stone misses the adder.
* * * LOW HITPOINT WARNING * * *
You feel sick. The adder closely misses you.
Firing (i - inventory. (,) - cycle):
e - 56 stones (quivered)
Press: ? - help, Shift-Dir - straight line, f/p - adder
Aim: an adder (severely wounded)
You shoot a stone.
The stone hits the adder but does no damage.
The adder is severely wounded.
The adder bites you.
* * * LOW HITPOINT WARNING * * *
The adder bites you but does no damage.
Firing (i - inventory. (,) - cycle):
e - 55 stones (quivered)
Press: ? - help, Shift-Dir - straight line, f/p - adder
Aim: an adder (severely wounded)
You shoot a stone. The stone closely misses the adder.
* * * LOW HITPOINT WARNING * * *
You feel sick. The adder bites you.
You die...

#.......#
...#.......#######
.................######
..........##..........
#.. #.#....>####..... .
#.##...##### ###### (..
##.....## #####
(...#.....## #..[.
......#S@####### #....
..#((..).......# #....
#..).......#...##....
#......(...# #.......
#..........# ####._..
...........# #....
......#..#### #<...
..#..#.#... #....
#..#.( .....# ####.


You could see an adder.

Vanquished Creatures
  An adder (D:2)
  2 dart slugs (D:1)
  A giant gecko (D:1)
  2 ball pythons
  2 giant cockroaches
  2 goblins
  3 hobgoblins
  A quokka (D:2)
  3 bats (D:1)
  2 giant newts (D:1)
  4 kobolds (D:1)
  2 rats (D:1)
25 creatures vanquished.

Notes
Turn   | Place    | Note
--------------------------------------------------------------
     0 | D:1      | inmateoo the Draconian Arcane Marksman began the quest for the Orb.
     0 | D:1      | Reached XP level 1. HP: 16/16 MP: 2/2
    35 | D:1      | Reached skill level 1 in Unarmed Combat
    75 | D:1      | Reached XP level 2. HP: 14/23 MP: 3/3
   623 | D:2      | Reached XP level 3. HP: 26/28 MP: 4/4
   642 | D:2      | Found a burning altar of Makhleb.
   733 | D:2      | Slain by an adder

Vault maps used:
D:1:      eino_arrival_cavern_a
D:2:      bloody_makhleb

Skill      XL: |  1  2 |
---------------+-------+-----
Unarmed Combat | 1 2 |  2.9
Fighting       | |  1.1
Slings         | |  1.7
Dodging        | |  1.7
Spellcasting   | |  1.0
Hexes          | |  2.7

Action                   || total
-------------------------++-------
 Fire: Hunting sling     ||   129
  Use: Potion            ||     2
